 Dungeon Sprint DCSS version 0.26.1-11-gd32895ea62 (webtiles) character file.

Game seed: 2174440343191192954

112 Zeld the Geomancer (level 4, -3/24 HPs)
             Began as a Gargoyle Earth Elementalist on June 6, 2021.
             Killed from afar by Sigmund (6 damage)
             ... with a magic dart
             ... in the Dungeon (Sprint I: "Red Sonja").
             The game lasted 00:00:42 (535 turns).

Zeld the Geomancer (Gargoyle Earth Elementalist)     Turns: 535, Time: 00:00:42

Health: -3/24      AC:  5    Str: 12    XL:     4   Next: 95%
Magic:  0/10       EV: 13    Int: 16    God:
Gold:   108        SH:  0    Dex: 10    Spells: 2/12 levels left

rFire    . . .     SeeInvis .   (no weapon)
rCold    . . .     Faith    .   (no shield)
rNeg     + . .     Spirit   .   c - +0 robe
rPois    ∞         Reflect  .   (no helmet)
rElec    +         Harm     .   (no cloak)
rCorr    .         Rampage  .   (no gloves)
Will     .....     NoTele   +   (no boots)
Stlth    ++........             (no amulet)
HPRegen  0.08/turn              (no ring)
MPRegen  0.12/turn              (no ring)

@: no status effects
A: negative energy resistance 1, electricity resistance, unbreathing,
petrification resistance, miasma immunity, AC +3
a: no special abilities


You were in the Dungeon.
You visited 1 branch You collected 108 gold pieces.

Inventory:

Missiles
 b - 12 stones
Armour
 c - a +0 robe (worn)
Wands
 a - a wand of polymorph (8)
Scrolls
 i - a scroll of blinking
Potions
 d - a potion of curing
 e - a potion of heal wounds
 f - a potion of haste
 g - 2 potions of magic
 h - a potion of cancellation {unknown}


   Skills:
 + Level 4.1 Dodging
 - Level 2.1 Stealth
 + Level 4.6 Spellcasting
 - Level 0.7 Transmutations
 * Level 8.7 Earth Magic


You had 2 spell levels left.
You knew the following spells:

 Your Spells              Type           Power        Failure   Level
a - Sandblast             Erth           62%          1%          1
b - Passwall              Tmut/Erth      15%          3%          2
c - Stone Arrow           Conj/Erth      34%          8%          3
d - Petrify               Tmut/Erth      18%          22%         4

Your spell library contained the following spells:

 Spells                   Type           Power        Failure   Level
 Lee's Rapid Deconstruct  Erth           15%          12%         5


Dungeon Overview and Level Annotations

Branches:
Dungeon (1/1)

Altars:

Annotations:
D Sigmund


Innate Abilities, Weirdness & Mutations

You are resistant to torment.
Your stone body is resilient. (AC +3)
You are immune to poison.
You resist negative energy. (rN+)
You are resistant to electric shocks. (rElec)
You can survive without breathing.
You are immune to petrification.
You are immune to miasma.


Message History

Sigmund casts a spell at you. The magic dart hits you.
* * * LOW HITPOINT WARNING * * *
Casting: Sandblast (safe; 1% risk of failure)
Confirm with . or Enter, or press ? or * to list all spells.
Aiming: Sandblast (safe; 1% risk of failure)
Press: ? - help, Shift-Dir - straight line, f/p - Sigmund
Aim: Sigmund, wielding a +0 vampiric scythe and wearing a +2 robe of willpower (severely wounded, 20% to evade)
The blast of sand misses Sigmund.
Sigmund closely misses you.
Unknown command.
Casting: Sandblast (safe; 1% risk of failure)
Confirm with . or Enter, or press ? or * to list all spells.
Aiming: Sandblast (safe; 1% risk of failure)
Press: ? - help, Shift-Dir - straight line, f/p - Sigmund
Aim: Sigmund, wielding a +0 vampiric scythe and wearing a +2 robe of willpower (severely wounded, 20% to evade)
The blast of sand misses Sigmund.
Sigmund whispers, "You'll know eternity soon."
Sigmund casts a spell at you. The magic dart hits you.
You die...

########## ##
#<.#.)@..#..+
#..)..#..@..#
#..#####'####
#..# #..#
#.@# ####
#..# #⌠@#
#### #..#
####


You could see Sigmund.

Vanquished Creatures
  An ogre (D)
  Ijyb (D)
2 creatures vanquished.

Notes
Turn   | Place    | Note
-------+----------+-------------------------------------------
     0 | D        | Zeld the Gargoyle Earth Elementalist began the quest for
                  | the Orb.
     0 | D        | Reached XP level 1. HP: 10/10 MP: 3/3
     5 | D        | Noticed Ijyb
    13 | D        | Killed Ijyb
    14 | D        | Reached skill level 6 in Earth Magic
    14 | D        | Reached XP level 2. HP: 15/15 MP: 1/6
    14 | D        | Reached XP level 3. HP: 19/19 MP: 1/7
   164 | D        | Learned a level 2 spell: Passwall
   168 | D        | Learned a level 3 spell: Stone Arrow
   339 | D        | Noticed an ogre
   344 | D        | Killed an ogre
   345 | D        | Reached skill level 8 in Earth Magic
   345 | D        | Reached XP level 4. HP: 24/24 MP: 3/10
   350 | D        | Learned a level 4 spell: Petrify
   512 | D        | Noticed Sigmund
   535 | D        | Killed from afar by Sigmund

Illustrated notes

Levels and vault maps discovered:
D:        dungeon_sprint_1 [red_sonja_temple_1, red_sonja_temple_small_1]

Skill      XL: |  1  2  3 |
---------------+----------+-----
Dodging        | 2 4 |  4.1
Spellcasting   | 3 4 |  4.6
Earth Magic    | 6 8 |  8.7
Stealth        | |  2.1
Transmutations | |  0.7

Action                   |  1- 3 |  4- 6 || total
-------------------------+-------+-------++-------
Melee: Unarmed           |     5 |       ||     5
 Cast: Sandblast         |     6 |    12 ||    18
       Passwall          |     2 |       ||     2
  Use: Potion            |     1 |       ||     1
Armor: Skin              |     1 |       ||     1
Dodge: Dodged            |     2 |     3 ||     5
